 Dungeon Crawl Stone Soup version 0.31-a0-4-gefa6de2278 (webtiles) character file.

Game seed: 18030419861557509155

14 jasper the Digger (level 2, 27/27 HPs)
             Began as an Ogre Earth Elementalist on May 3, 2023.
             Quit the game on level 1 of the Dungeon.
             The game lasted 00:00:34 (391 turns).

jasper the Digger (Ogre Earth Elementalist)          Turns: 391, Time: 00:00:34

Health: 27/27      AC:  3    Str: 11    XL:     2   Next: 41%
Magic:  5/5        EV:  9    Int: 16    God:
Gold:   0          SH:  0    Dex:  9    Spells: 5/6 levels left

rFire   . . .        (no weapon)
rCold   . . .        (no shield)
rNeg    . . .        a - +0 robe
rPois   .            (helmet restricted)
rElec   .            (no cloak)
rCorr   .            (gloves unavailable)
SInv    .            (boots unavailable)
Will    .....        (no amulet)
Stlth   +            (no ring)
HPRegen 0.24/turn    (no ring)
MPRegen 0.09/turn

%: no passive effects
@: no status effects
A: large, unfitting armour, tough skin 1
a: no special abilities


You were on level 1 of the Dungeon.
You visited 1 branch of the dungeon, and saw 1 of its levels.

Inventory:

Armour
 a - a +0 robe (worn)
Jewellery
 d - a ring of protection from cold
Scrolls
 c - a scroll of magic mapping {unknown}
 e - a scroll of identify {unknown}
 f - a scroll of vulnerability {unknown}
Potions
 b - a potion of magic
 g - a potion of might {unknown}


   Skills:
 + Level 1.1 Fighting
 - Level 1.7 Dodging
 - Level 1.4 Stealth
 + Level 2.7 Spellcasting
 - Level 0.8 Transmutations
 * Level 3.1 Earth Magic


You had 5 spell levels left.
You knew the following spells:

 Your Spells              Type           Power      Damage    Failure   Level
a - Sandblast             Erth           24%        2d8       5%          1

Your spell library contained the following spells:

 Spells                   Type           Power      Damage    Failure   Level
 Passwall                 Tmut/Erth      6%         N/A       13%         2
 Stone Arrow              Conj/Erth      14%        3d7       30%         3
 Petrify                  Tmut/Erth      8%         N/A       63%         4


Dungeon Overview and Level Annotations

Branches:
Dungeon (1/15)

Altars:


Innate Abilities, Weirdness & Mutations

You are too large for most types of armour.
You have tough skin. (AC +1)


Message History

The jackal bites you.
You see here a scroll labelled GOODEE AXIOWN.
You take 1 damage, and have 26/27 hp.
Aiming: Sandblast (safe; 5% risk of failure)
Press: ? - help, Q - select action Shift-Dir - straight line, f - jackal
Aim: a jackal (77% to hit)
The blast of sand hits the jackal!
You kill the jackal!
A kobold comes into view. It is wielding a +0 dagger.
You now have 4/5 mp.
The kobold throws a stone.
The stone hits you but does no damage.
Health restored: 27 The kobold throws a stone.
The stone hits you but does no damage.
Aiming: Sandblast (safe; 5% risk of failure)
Press: ? - help, Q - select action Shift-Dir - straight line, f - kobold
Aim: a kobold, wielding a +0 dagger and quivering stones (77% to hit)
The blast of sand hits the kobold but does no damage.
The kobold hits you with a +0 dagger.
You take 2 damage, and have 25/27 hp.
You now have 3/5 mp.
Aiming: Sandblast (safe; 5% risk of failure)
Press: ? - help, Q - select action Shift-Dir - straight line, f/p - kobold
Aim: a kobold, wielding a +0 dagger and quivering stones (77% to hit)
The blast of sand misses the kobold.
The kobold hits you with a +0 dagger. The kobold hits you but does no damage.
You take 2 damage, and have 23/27 hp.
You now have 2/5 mp.
Aiming: Sandblast (safe; 5% risk of failure)
Press: ? - help, Q - select action Shift-Dir - straight line, f/p - kobold
Aim: a kobold, wielding a +0 dagger and quivering stones (77% to hit)
The blast of sand hits the kobold.
You kill the kobold!
Things that are here:
a jackal corpse; a jackal corpse
e - a scroll labelled GOODEE AXIOWN Health restored: 27; MP restored: 5
Things that are here:
a +0 dagger; 3 stones
Found a stone staircase leading down.
f - a scroll labelled FAIRIR NIKO
g - a metallic grey potion Are you sure you want to abandon this character and quit the game? (Confirm with "yes".)

# #?.. #....
#.#.. # #.#...#
..!#.# ...#>
#.#.# # #@#.#
#.#.#.# ##.#.#.##
###....#..######
..........#......
......##...######
...........##....
#.##..........# #
#......###.##


There were no monsters in sight!

Vanquished Creatures
  A dart slug (D:1)
  A giant cockroach (D:1)
  A goblin (D:1)
  3 jackals (D:1)
  2 bats (D:1)
  A frilled lizard (D:1)
  2 kobolds (D:1)
  A rat (D:1)
12 creatures vanquished.

Notes
Turn   | Place    | Note
-------+----------+-------------------------------------------
     0 | D:1      | jasper the Ogre Earth Elementalist began the quest for the
                  | Orb.
     0 | D:1      | Reached XP level 1. HP: 16/16 MP: 3/3
   188 | D:1      | Reached skill level 3 in Earth Magic
   188 | D:1      | Reached XP level 2. HP: 25/26 MP: 1/5
   301 | D:1      | Reached skill level 1 in Fighting
   391 | D:1      | Quit the game

Illustrated notes

Levels and vault maps discovered:
D:1:      eino_arrival_water_star, layout_loops_ring, minmay_misc_feat_cross

Skill      XL: |  1  2 |
---------------+-------+-----
Earth Magic    | 3 |  3.1
Fighting       | 1 |  1.1
Dodging        | |  1.7
Stealth        | |  1.4
Spellcasting   | |  2.7
Transmutations | |  0.8

Action                     || total
---------------------------++-------
   Cast: Sandblast         ||    17
 Armour: Robe              ||     5

Table legend: (Time is in decaauts)
 A = Elapsed time spent in this place.
 B = Non-inter-level travel time spent in this place.
 C = Inter-level travel time spent in this place.
 D = Time resting spent in this place.
 E = Time spent auto-exploring this place.
 F = Levels seen in this place.
 G = Mean time per level.
                   A        B        C        D        E       F      G
               +--------+--------+--------+--------+--------+-----+--------+
         Total |    399 |    399 |      0 |      0 |    340 |   1 |  399.0 |
       Dungeon |    399 |    399 |      0 |      0 |    340 |   1 |  399.0 |
               +--------+--------+--------+--------+--------+-----+--------+

Top non-repeatable levels by time:
     D:1: 399 daAuts
